 Dungeon Crawl Stone Soup version 0.22.1-1-ga44c0e56f4 (webtiles) character file.

49 Ivernyr the Magician (level 3, 0/26 HPs)
             Began as a Draconian Wizard on Oct 10, 2018.
             Slain by a worker ant (2 damage)
             ... on level 2 of the Dungeon on Oct 12, 2018.
             The game lasted 00:14:33 (1514 turns).

Ivernyr the Magician (Draconian Wizard)             Turns: 1514, Time: 00:14:33

Health: 0/26       AC:  5    Str: 14    XL:     3   Next: 51%
Magic:  2/8        EV: 12    Int: 19    God:
Gold:   40         SH:  0    Dex:  9    Spells: 0/9 levels left

rFire    + . .     SeeInvis .   (no weapon)
rCold    + . .     Gourm    .   (no shield)
rNeg     . . .     Faith    .   (armour unavailable)
rPois    +         Spirit   .   a - +0 hat
rElec    +         Reflect  .   (no cloak)
rCorr    +         Harm     .   (no gloves)
MR       .....                  (no boots)
Stlth    ++........             (no amulet)
HPRegen  0.08/turn              k - ring of wizardry
MPRegen  0.11/turn              (no ring)

@: mighty, lethally poisoned (0 -> -4), resistant, very slightly contaminated
A: unfitting armour, cold-blooded, AC +5
a: no special abilities


You were on level 2 of the Dungeon.
You were not hungry.

You visited 1 branch of the dungeon, and saw 2 of its levels.

You collected 40 gold pieces.

Inventory:

Armour
 a - a +0 hat (worn)
Jewellery
 k - a ring of wizardry (left hand)
Scrolls
 b - 4 scrolls of immolation {unknown}
 e - a scroll of identify {unknown}
 g - a scroll of amnesia {unknown}
 h - a scroll of noise {unknown}
 i - a scroll of remove curse {unknown}
Potions
 d - a potion of resistance
Comestibles
 c - 3 rations
 j - a chunk of flesh


   Skills:
 + Level 2.3 Dodging
 - Level 1.7 Stealth
 * Level 3.7 Spellcasting
 * Level 2.0 Conjurations
   Level 1.0 Summonings
 - Level 1.0 Translocations


You couldn't memorise any spells.
You knew the following spells:

 Your Spells              Type           Power        Failure   Level  Hunger
a - Magic Dart            Conj           ##..         2%          1    None
b - Blink                 Tloc           N/A          6%          2    ##.....
c - Conjure Flame         Conj/Fire      #.......     12%         3    ###....
d - Mephitic Cloud        Conj/Pois/Air  #.......     13%         3    ###....

Your spell library contained the following spells:

 Spells                   Type           Power        Failure   Level  Hunger
 Call Imp                 Summ           #.......     6%          2    ##.....
 Slow                     Hex            #.......     9%          2    ##.....


Dungeon Overview and Level Annotations

Branches:
Dungeon (2/15)

Altars:
Kikubaaqudgha
The Shining One


Innate Abilities, Weirdness & Mutations

Your plain brown scales are hard. (AC +5)
You cannot fit into any form of body armour.
You are cold-blooded and may be slowed by cold attacks.


Message History

The worker ant bites you.
You feel sick.
You feel sick.
You feel sick. The worker ant bites you.
* * * LOW HITPOINT WARNING * * *
The worker ant waves its antennae.
It was a potion of resistance.
You feel protected.
* * * LOW HITPOINT WARNING * * *
You feel sick.
The worker ant bites you but does no damage.
It was a potion of might.
You feel very mighty all of a sudden. The worker ant bites you.
* * * LOW HITPOINT WARNING * * *
The worker ant misses you.
* * * LOW HITPOINT WARNING * * *
You feel sick. The worker ant bites you.
You die...

#.#####.# #.# #.....).#
#.# ######..# #.# # #..#
#.# #. #..# #.# #.# #..#
#.# #..####### #..# #.#
)........#####.a###.####
.###.###.....(..@......#
.# #.# #.########.####.#
.###'###.# #.####.#
...'_###.# #.#....#
.###+###.########.#.####
.# #. #..........#.#
.###.###.#######..#.#
.........# #..#.#
.#####...# #..#.#


You could see a worker ant.

Vanquished Creatures
  2 adders (D:2)
  A worm (D:2)
  A dart slug (D:1)
  2 leopard geckos (D:1)
  A giant cockroach (D:1)
  4 goblins
  2 hobgoblins
  5 kobolds
  A quokka (D:2)
  A bat (D:1)
  3 frilled lizards (D:1)
  A rat (D:1)
24 creatures vanquished.

Notes
Turn   | Place    | Note
-------+----------+-------------------------------------------
     0 | D:1      | Ivernyr the Draconian Wizard began the quest for the Orb.
     0 | D:1      | Reached XP level 1. HP: 14/14 MP: 4/4
   236 | D:1      | Reached XP level 2. HP: 12/20 MP: 0/6
   251 | D:1      | Learned a level 2 spell: Blink
   861 | D:2      | Reached XP level 3. HP: 26/26 MP: 2/8
  1036 | D:2      | Learned a level 3 spell: Conjure Flame
  1040 | D:2      | Learned a level 3 spell: Mephitic Cloud
  1061 | D:2      | Found a glowing golden altar of the Shining One.
  1338 | D:2      | Found an ancient bone altar of Kikubaaqudgha.
  1512 | D:2      | HP: 1/26 [poisoned by a worker ant]
  1514 | D:2      | Slain by a worker ant

Skill      XL: |  1  2  3 |
---------------+----------+-----
Dodging        | 2 |  2.3
Conjurations   | 2 |  2.0
Stealth        | |  1.7
Spellcasting   | |  3.7
Summonings     | |  1.0
Translocations | |  1.0

Action                   || total
-------------------------++-------
Melee: Unarmed           ||    28
       Tailslap          ||     3
 Cast: Magic Dart        ||    75
  Use: Potion            ||     2
  Eat: Chunk             ||     2
Armor: Skin              ||    11
Dodge: Dodged            ||    24
